 Dungeon Crawl Stone Soup version 0.15-a0-1230-gf41e293 (webtiles) character file.

140 Crauler the Insei (level 5, -3/41 HPs)
             Began as a Draconian Transmuter on June 3, 2014.
             Slain by Blork the orc
             ... wielding a +3,+3 glaive of dragon slaying
              (5 damage)
             ... on Level 4 of the Dungeon.
             The game lasted 00:09:36 (3322 turns).

Crauler the Insei (Draconian Transmuter)            Turns: 3322, Time: 00:09:36

HP  -3/41        AC  5     Str 12      XL: 5   Next:  2%
MP   8/9         EV 12     Int 14      God:
Gold 145         SH  0     Dex 12      Spells:  2 memorised,  5 levels left

rFire  x . .     SeeInvis .       - Unarmed
rCold  + . .     Clarity  +     (armour unavailable)
rNeg   . . .     rCorr    .     (no shield)
rPois  .         rRot     .     (helmet restricted)
rElec  .         Spirit   .     (no cloak)
SustAb .         Warding  .     (no gloves)
rMut   .         Stasis   .     (no boots)
Gourm  .                        i - amulet of clarity
MR     .....                    (no ring)
                                j - ring of ice

@: not resistant to hostile enchantments, very unstealthy
A: unfitting armour, cold-blooded, AC +5
a: no special abilities


You were on level 4 of the Dungeon.
You were not hungry.

You visited 1 branch of the dungeon, and saw 4 of its levels.

You collected 145 gold pieces.

Inventory:

Missiles
 b - 12 arrows
Armour
 p - a +0 shield
Comestibles
 a - 2 bread rations
 h - 4 fruits
 o - 2 meat rations
 t - 3 chunks of orc flesh
 u - a chunk of bat flesh
Scrolls
 c - a scroll of remove curse {unknown}
 e - 3 scrolls of enchant weapon II {unknown}
 f - 2 scrolls of random uselessness {unknown}
 g - a scroll of immolation {unknown}
 l - a scroll of enchant armour {unknown}
 m - 4 scrolls of teleportation {unknown}
Jewellery
 i - an amulet of clarity (around neck)
 j - a ring of ice (left hand)
 v - an uncursed amulet of resist mutation
Potions
 k - 2 potions of degeneration {unknown}
 n - a potion of lignification {unknown}
 q - a potion of might {unknown}
 r - a potion of flight {unknown}
 s - a potion of agility {unknown}
Books
 d - a book of Changes

   Spells                             Type                      Level
   *Beastly Appendage                 Transmutation                1
   Sticks to Snakes                   Transmutation                2
   *Spider Form                       Transmutation/Poison         3
   Ice Form                           Ice/Transmutation            4
   Blade Hands                        Transmutation                5


   Skills:
 + Level 2.1 Fighting
 + Level 2.7 Dodging
 + Level 4.1 Unarmed Combat
 * Level 2.5 Spellcasting
 * Level 2.4 Transmutations
 * Level 0.4 Poison Magic


You had 5 spell levels left.
You knew the following spells:

 Your Spells              Type           Power        Failure   Level  Hunger
a - Beastly Appendage     Trmt           #.....       10%         1    #......
b - Spider Form           Trmt/Pois      #.........   38%         3    ####...


Dungeon Overview and Level Annotations

Branches:
Dungeon (4/15)
 Temple: D:4-7

Altars:
Fedhas
Okawaru
The Shining One

Annotations:
D:4 Blork the orc


Innate Abilities, Weirdness & Mutations

Your plain brown scales are hard (AC +5).*
Your body does not fit into most forms of armour.
Your cold-blooded metabolism reacts poorly to cold.*


Message History

Blork the orc gestures at you while chanting.
The puff of frost misses you.
Blork the orc points at you and mumbles some strange words.
The puff of flame hits you! The fire burns you terribly!
Your transformation is almost over.
Blork the orc points at you and mumbles some strange words.
The puff of frost hits you! You resist. Blork the orc barely misses you.
Blork the orc barely misses you.
Your transformation has ended.
Blork the orc points at you and mumbles some strange words.
The puff of flame hits you! The fire burns you terribly!
* * * LOW HITPOINT WARNING * * *
Blork the orc casts a spell at you. The puff of frost hits you! You resist.
* * * LOW HITPOINT WARNING * * *
Blork the orc hits you from afar with a glaive of dragon slaying.
* * * LOW HITPOINT WARNING * * *
You convulse.
You die...

..........######.#
..........#...##.#
..........#.#.##.#
........#.#.#.##.#
........#.#.#.##.#
........#.#.#)<#.#
....#.#..).....#o# ..
........#.#.##.#.###.....
###.#.#$#.#.##.#@........
....>............###.###
....#.#.....##........#
....#....(............#
....#.#.....##........#
.... #.....###.#...#.#
...# ...... ........ ...+
#...#.# o..#.# #####.


You could see Blork the orc.

Vanquished Creatures
  2 orc wizards
  Ijyb (D:2)
  A worm (D:3)
  2 giant geckos (D:3)
  3 oozes
  8 orcs
  3 ball pythons
  5 bats
  5 giant cockroaches
  4 goblins
  3 hobgoblins
  2 jackals (D:3)
  3 quokkas
  2 giant newts
  3 kobolds
  2 rats (D:3)
49 creatures vanquished.

Notes
Turn   | Place    | Note
--------------------------------------------------------------
     0 | D:1      | Crauler, the Draconian Transmuter, began the quest for the Orb.
     0 | D:1      | Reached XP level 1. HP: 16/16 MP: 3/3
   661 | D:1      | Reached XP level 2. HP: 23/23 MP: 4/4
  1079 | D:2      | Noticed Ijyb
  1103 | D:2      | Killed Ijyb
  1103 | D:2      | Reached XP level 3. HP: 14/28 MP: 6/6
  1390 | D:2      | Learned a level 3 spell: Spider Form
  1958 | D:3      | Reached skill level 4 in Unarmed Combat
  1958 | D:3      | Reached XP level 4. HP: 14/36 MP: 5/8
  2770 | D:3      | Found a glowing golden altar of the Shining One.
  2773 | D:3      | Found a blossoming altar of Fedhas.
  2778 | D:3      | Found an iron altar of Okawaru.
  2944 | D:4      | Noticed Blork the orc
  3266 | D:4      | Reached XP level 5. HP: 27/41 MP: 7/9
  3322 | D:4      | HP: 2/41 [Blork the orc/glaive of dragon slaying (5)]
  3322 | D:4      | Slain by Blork the orc

Action                   |  1- 3 |  4- 6 || total
-------------------------+-------+-------++-------
Melee: Unarmed           |   107 |    86 ||   193
 Cast: Beastly Appendage |     1 |     1 ||     2
       Spider Form       |     2 |     2 ||     4
